 Dungeon Crawl Stone Soup version 0.29.1-13-g9f3cf754e1 (webtiles) character file.

Game seed: 18296988399616672966

60771 Sanktem7 the Warrior (level 14, -2/147 HPs)
             Began as a Minotaur Fighter on Jan 23, 2023.
             Was the Champion of Okawaru.
             Slain by an orc knight
             ... wielding a +2 war axe
              (28 damage)
             ... on level 1 of the Orcish Mines.
             The game lasted 00:46:35 (22605 turns).

Sanktem7 the Warrior (Minotaur Fighter)            Turns: 22605, Time: 00:46:35

Health: -2/147     AC: 27    Str: 24    XL:     14   Next: 58%
Magic:  0/4        EV:  7    Int:  5    God:    Okawaru [******]
Gold:   2392       SH: 13    Dex: 13    Spells: 13/13 levels left

rFire   + . .      SeeInvis .   U - +4 morningstar of Giaqoi {antimagic, Fragile +Blink rF+ Will+ Dex+4, mace}
rCold   + . .      Faith    .   I - +0 buckler {rPois}
rNeg    + . .      Spirit   +   E - +3 plate armour
rPois   +          Reflect  .   (helmet unavailable)
rElec   .          Harm     .   K - +2 cloak {Will+}
rCorr   +          Rampage  .   a - +3 pair of gauntlets of War {Slay+5}
Will    ++++.                   M - +1 pair of boots {Fly}
Stlth   ..........              p - brooch of Shielding {Spirit SH+8}
HPRegen 0.34/turn               y - ring "Niyjiucs" {Drain Fly rPois rCorr Dex-5}
MPRegen 0.09/turn               C - ring of Light {rN+ Will+ Dex+4}

@: flying
A: horns 3, retaliatory headbutt, clumsy 1, cold resistance 1
a: Renounce Religion, Evoke Blink, Heroism, Finesse, Duel


You were on level 1 of the Orcish Mines.
You worshipped Okawaru.
Okawaru was exalted by your worship.
You visited 4 branches of the dungeon, and saw 19 of its levels.
You also visited: Ossuary.

You collected 2728 gold pieces.
You spent 336 gold pieces at shops.


Innate Abilities, Weirdness & Mutations

You have a pair of large horns on your head.
You reflexively headbutt those who attack you in melee.
You are clumsy. (Dex -2)
Your flesh is cold resistant. (rC+)


   Skills:
 * Level 19.6 Fighting
 - Level 16.7(18.2) Axes
 - Level 12.1(16.0) Maces & Flails
 - Level 6.0 Throwing
 - Level 9.7 Armour
 - Level 6.0 Shields


You had 13 spell levels left.
You didn't know any spells.
Your spell library contained the following spells:

 Spells                   Type           Power      Damage    Failure   Level
 Beastly Appendage        Tmut           0%         N/A       100%        1
 Shock                    Conj/Air       0%         1d3       100%        1
 Ensorcelled Hibernation  Hex/Ice        0%         N/A       100%        2
 Passwall                 Tmut/Erth      0%         N/A       100%        2
 Static Discharge         Conj/Air       0%         3-3/arc   100%        2
 Wereblood                Tmut           0%         N/A       100%        2
 Conjure Flame            Conj/Fire      0%         6-21      100%        3
 Frozen Ramparts          Ice            0%         1d1       100%        3
 Ignite Poison            Fire/Tmut/Pois 0%         N/A       100%        3
 Portal Projectile        Hex/Tloc       0%         N/A       100%        3
 Spider Form              Tmut/Pois      0%         N/A       100%        3
 Stone Arrow              Conj/Erth      0%         3d7       100%        3
 Swiftness                Air            0%         N/A       100%        3
 Airstrike                Air            0%         2d(0-16)  100%        4
 Dispel Undead            Necr           0%         3d6       100%        4
 Fulminant Prism          Conj/Hex       0%         3d6       100%        4
 Hailstorm                Conj/Ice       0%         3d3       100%        4
 Ice Form                 Ice/Tmut       0%         N/A       100%        4
 Iskenderun's Mystic Bla  Conj/Tloc      0%         2d3       100%        4
 Leda's Liquefaction      Hex/Erth       0%         N/A       100%        4
 Sticky Flame             Conj/Fire      0%         2d3       100%        4
 Blade Hands              Tmut           0%         N/A       100%        5
 Lee's Rapid Deconstruct  Erth           0%         3d5*      100%        5
 Orb of Destruction       Conj           0%         9d5       100%        7
 Lehudib's Crystal Spear  Conj/Erth      0%         10d2      100%        8
 Summon Small Mammal      Summ           Unusable   N/A       N/A         1
 Call Canine Familiar     Summ           Unusable   N/A       N/A         3
 Summon Guardian Golem    Hex/Summ       Unusable   N/A       N/A         3
 Tukima's Dance           Hex            Unusable   N/A       N/A         3
 Animate Armour           Summ/Erth      Unusable   N/A       N/A         4
 Summon Ice Beast         Ice/Summ       Unusable   N/A       N/A         4
 Simulacrum               Ice/Necr       Unusable   N/A       N/A         6
 Spellforged Servitor     Conj/Summ      Unusable   N/A       N/A         7

Inventory:

Hand Weapons
 e - the +3 executioner's axe "Xucs" {holy, Fly SInv, axerare=g}
   (Okawaru gifted it to you on level 1 of the Orcish Mines)

   It has been blessed by the Shining One to cause great damage to the undead
   and demons.
   SInv:      It lets you see invisible.
   Fly:       It grants you flight.
 U - the +4 morningstar of Giaqoi (weapon) {antimagic, Fragile +Blink rF+ Will+ Dex+4, mace}
   (You found it on level 10 of the Dungeon)

   It reduces the magical energy of the wielder, and disrupts the spells and
   magical abilities of those it strikes.
   Natural abilities and divine invocations are not affected.
   Dex:       It affects your dexterity (+4).
   rF:        It protects you from fire.
   +Blink:    It lets you blink.
   Fragile:   It will be destroyed if unequipped.
   Will:      It increases your willpower.
 W - a +3 broad axe of freezing {axe}
   (Okawaru gifted it to you on level 11 of the Dungeon)
Missiles
 h - 6 datura-tipped darts {throwing}
 n - 27 poisoned darts (quivered) {throwing}
 F - 11 boomerangs {throwing}
 G - 4 curare-tipped darts {=fthrowing}
Armour
 a - the +3 pair of gauntlets of War (worn) {Slay+5}
   (You acquired it on level 5 of the Lair of Beasts)

   Slay:      It affects your accuracy & damage with ranged weapons and melee
   (+5).
 E - a +3 plate armour (worn)
   (You found it on level 5 of the Dungeon)
 I - a +0 buckler of poison resistance (worn)
   (You found it on level 4 of the Lair of Beasts)
 K - a +2 cloak of willpower (worn)
   (You bought it in a shop on level 7 of the Dungeon)
 M - a +1 pair of boots of flying (worn)
   (Okawaru gifted it to you on level 9 of the Dungeon)
Jewellery
 p - the brooch of Shielding (around neck) {Spirit SH+8}
   (You found it on level 2 of the Dungeon)

   [amulet of guardian spirit]

   It causes incoming damage to be divided between your reserves of health and
   magic.
   SH:        It affects your SH (+8).
 y - the ring "Niyjiucs" (left hand) {Drain Fly rPois rCorr Dex-5}
   (You took it off a gnoll on level 3 of the Dungeon)

   [ring of poison resistance]

   Dex:       It affects your dexterity (-5).
   rPois:     It protects you from poison.
   Fly:       It grants you flight.
   rCorr:     It protects you from acid and corrosion.
   Drain:     It drains your maximum health when unequipped.
 C - the ring of Light (right hand) {rN+ Will+ Dex+4}
   (You took it off an orc on level 5 of the Dungeon)

   [ring of willpower]

   Dex:       It affects your dexterity (+4).
   rN:        It protects you from negative energy.
   Will:      It increases your willpower.
 Y - a +6 ring of strength
   (You found it on level 11 of the Dungeon)
Wands
 f - a wand of flame (53)
   (You found it on level 2 of the Dungeon)
 z - a wand of mindburst (3)
   (You found it on level 4 of the Lair of Beasts)
 D - a wand of paralysis (15)
   (You found it on level 5 of the Dungeon)
 R - a wand of iceblast (13)
   (You took it off Maurice on level 9 of the Dungeon)
 V - a wand of quicksilver (2)
   (You found it on level 11 of the Dungeon)
Scrolls
 b - 4 scrolls of poison
 j - 3 scrolls of noise {!r}
 o - 2 scrolls of butterflies
 r - 2 scrolls of fear
 s - 2 scrolls of identify {@r1}
 u - 2 scrolls of vulnerability {!r!r}
 w - 6 scrolls of teleportation {@r4}
 J - a scroll of immolation {!r!r}
 O - 2 scrolls of amnesia
Potions
 d - 5 potions of might
 g - 4 potions of brilliance
 i - 3 potions of attraction {!q}
 k - 5 potions of lignification {!q}
 m - 6 potions of degeneration {!q@e2}
 q - 3 potions of invisibility
 t - 4 potions of mutation {!q}
 x - a potion of ambrosia
 A - 2 potions of magic
 B - 10 potions of curing {@q1}
 L - 2 potions of berserk rage {!q}
 N - 3 potions of haste {@q3}
 P - a potion of cancellation
Miscellaneous
 c - a phial of floods
   (You found it on level 2 of the Lair of Beasts)
 X - a box of beasts
   (You found it on level 11 of the Dungeon)
 Z - a phantom mirror
   (You found it on level 11 of the Dungeon)

Dungeon Overview and Level Annotations

Branches:
Dungeon (11/15) Zot: 24150  Temple (1/1) D:5 Zot: 5914    Lair (5/5) D:8 Zot: 22362
 Shoals (0/4) Lair:2        Snake (0/4) Lair:2        Slime (0/5) Lair:5
    Orc (2/2) D:11 Zot: 10731     Elf (0/3) Orc:2       Ossuary (visited)

Altars:
Ashenzari
Cheibriados
Elyvilon
Fedhas
Gozag
Hepliaklqana
Kikubaaqudgha
Makhleb
Nemelex Xobeh
Okawaru
Qazlal
Ru
Sif Muna
Trog
Uskayaw
Vehumet
Wu Jian
Yredelemnul
The Shining One
Jiyva

Shops:
D:5 ?   D:6 [*   D:7 *   D:9 (

Portals:
Hell: Lair:5
Abyss: Lair:2

Annotations:
D:5 1 runed translucent door, Gadrel's ghost, novice GrSu
D:8 2 transporters, Kosjir's ghost, novice DrBe
Lair:1 1 runed translucent door
Lair:2 2 transporters, croobank's ghost, journeyman GnWn

### ##.# ##..###
#.....## ##...#.#
####...#####
###..[....##.##
##...)@)....#..##
##....o)o#.......##
##........#........##
#.......#####.......#
##........###....####
##........#.....#
##.............#
##...........##
##.........##


You could see an orc knight (strong) and an orc (strong).


Message History

The orcs go into a battle-frenzy!
The orc hits you but does no damage. The orc warrior closely misses you.
You furiously retaliate!
You headbutt the orc warrior!
There is a stone staircase leading up, spattered with blood here.
You puncture the orc warrior! You headbutt the orc warrior.
You kill the orc warrior!
Okawaru accepts your kill. The orc hits you but does no damage.
The orc knight hits you but does no damage.
You block the orc's attack.
You hit the orc knight. You block the orc's attack.
You block the orc knight's attack.
The orc knight hits you from afar with a +3 bardiche!
The orc hits you but does no damage.
You block the orc warrior's attack. 😕 HP[-13] MP[-1]
You take 13 damage, and now have 134/147 hp.
You lost 1 mp, and now have 3/4 mp.
You bludgeon the orc knight!! Your headbutt misses the orc knight.
You closely miss the orc knight. Your headbutt misses the orc knight.
The orc hits you but does no damage. The orc knight barely misses you.
The orc warrior hits you from afar with a +0 trident!
You block the orc knight's attack. The orc barely misses you. 😕 HP[-14]
You take 14 damage, and now have 120/147 hp.
You barely miss the orc knight.
You headbutt the orc knight, but do no damage.
You block the orc's attack.
The orc warrior hits you from afar with a +0 trident!
The orc knight hits you from afar with a +3 bardiche!
The orc hits you but does no damage. 😮 HP[-16]
You take 16 damage, and now have 104/147 hp.
You are too injured to fight recklessly!
You are too injured to fight recklessly!
You are too injured to fight recklessly!
You are too injured to fight recklessly!
You are too injured to fight recklessly!
You are too injured to fight recklessly!
You are too injured to fight recklessly!
You are too injured to fight recklessly!
You are too injured to fight recklessly!
You are too injured to fight recklessly!
You are too injured to fight recklessly!
You are too injured to fight recklessly!
You are too injured to fight recklessly!
You are too injured to fight recklessly!
You are too injured to fight recklessly!
You are too injured to fight recklessly!
You are too injured to fight recklessly!
You are too injured to fight recklessly!
You are too injured to fight recklessly!
You are too injured to fight recklessly!
You are too injured to fight recklessly!
You are too injured to fight recklessly!
You barely miss the orc knight. The orc hits you with a +0 dagger.
The orc knight hits you but does no damage.
The orc knight hits you from afar with a +3 bardiche!
You block the orc's attack.
You block the orc warrior's attack. 😮 HP[-17] MP[-1]
You take 17 damage, and now have 87/147 hp.
You lost 1 mp, and now have 2/4 mp.
You barely miss the orc knight. You headbutt the orc knight.
You puncture the orc knight! The orc hits you with a +0 dagger.
The orc knight roars a battlecry!
The orc knight goes into a battle-frenzy!
The orc warrior barely misses you. You block the orc knight's attack.
You block the orc's attack. 😮 HP[-4]
You take 4 damage, and now have 83/147 hp.
You sock the orc knight! You block the orc's attack.
The orc knight hits you with a +2 war axe!!
* * * LOW HITPOINT WARNING * * *
The orc knight hits you from afar with a +3 bardiche!!
* * * LOW HITPOINT WARNING * * *
The orc hits you with a +0 hand axe.
* * * LOW HITPOINT WARNING * * *
The orc warrior hits you from afar with a +0 trident.
* * * LOW HITPOINT WARNING * * *
😱 HP[-70] MP[-2]
You take 70 damage, and now have 13/147 hp.
MASSIVE DAMAGE!! (PAUSE)
You lost 2 mp, and now have 0/4 mp.
You block the orc's attack. The orc knight closely misses you.
The orc knight hits you but does no damage.
The orc barely misses you. You block the orc warrior's attack.
You fly upwards.
There is a stone staircase leading down here. 😱 HP[+1]
You feel better. You block the orc's attack. The orc knight barely misses you.
You furiously retaliate!
You headbutt the orc knight, but do no damage.
The orc barely misses you. You furiously retaliate!
You headbutt the orc!
You kill the orc! 😱 HP[+12]
You regained 12 hp, and now have 26/147 hp.
You sock the orc knight! Your headbutt misses the orc knight.
You hit the orc knight. You headbutt the orc knight!
You block the orc's attack.
The orc knight hits you with a +2 war axe!!
You die...

Skill      XL: |  1  2  3  4  5  6  7  8  9 10 11 12 13 14 |
---------------+-------------------------------------------+-----
Fighting       | 4 5 6 8 9 11 13 14 16 17 19 | 19.6
Axes           | 3 4 5 6 7 9 11 13 14 15 16 | 16.7
Armour         | 4 5 6 7 8 9 |  9.7
Throwing       | 4 5 6 |  6.0
Maces & Flails | 4 7 11 12 | 12.1
Shields        | 4 6 |  6.0

Action                   |  1- 3 |  4- 6 |  7- 9 | 10-12 | 13-15 || total
-------------------------+-------+-------+-------+-------+-------++-------
Melee: War axe           |    67 |   150 |   271 |   184 |       ||   672
       Headbutt          |     8 |    33 |    53 |   158 |   179 ||   431
       Broad axe         |       |       |       |    26 |       ||    26
       Morningstar       |       |       |       |   351 |   694 ||  1045
  Use: Scroll            |       |    12 |     3 |     5 |     8 ||    28
       Potion            |       |       |       |     8 |     3 ||    11
Armor: Scale mail        |    40 |    45 |    45 |       |       ||   130
       Plate armour      |       |       |    67 |   398 |   592 ||  1057
Dodge: Dodged            |    30 |    39 |    65 |   143 |   256 ||   533
Block: Buckler           |    17 |    80 |   164 |   416 |   633 ||  1310

Levels and vault maps discovered:
D:1:      ncdulo_wetmaze, layout_basic, ebering_ecumenical_altar_petrified
D:2:      layout_loops_cross, basic_altar, serial_forest,
          infiniplex_forest_zigzag_1, infiniplex_forest_join,
          infiniplex_forest_corner_1, infiniplex_forest_clump_diagonal,
          infiniplex_forest_lined_corner, infiniplex_forest_split,
          infiniplex_forest_end_3
D:3:      layout_basic, nicolae_uskayaw_dance_hall
D:4:      layout_cave_pools, marbit_many_paths, cheibrodos_ashenzari_chains,
          minmay_ogre_servants
D:5:      layout_rooms, minmay_temple_entry_large_hall, serial_shops,
          shop_statue, enter_ossuary_3, ebering_ghost_reflecting_pool,
          nicolae_hexahallways
D:6:      layout_basic, lemuel_doored_altar, serial_shops, kennysheep_mini, shop
D:7:      layout_rooms, fiery_altar_vehumet, serial_shops,
          nicolae_shop_statue_plus, chequers_big_river
D:8:      layout_basic, lemuel_round_altar, minitemple,
          fedhas_altar_decomposition, erik_lair_dragon,
          gammafunk_ghost_stat_death, uniq_pikel
D:9:      layout_irregular_city, serial_shops, nicolae_square_shop,
          kennysheep_flooded_box, uniq_maggie, uniq_maurice
D:10:     layout_cave_pools
D:11:     minmay_slanted_spiral_squares, layout_loops_ring, orc_david_3,
          kennysheep_path_1
Temple:   nicolae_temple_superstar
Lair:1:   gammafunk_indiana_jones, layout_chaotic_city, columned_hall_lemuel,
          grunt_megastairs_5
Lair:2:   layout_chaotic_city, elwin_shoals_entry_stream,
          guppyfry_snake_entry_garden, gammafunk_ghost_abyssal_escape,
          uniq_urug, uniq_nergalle
Lair:3:   layout_chaotic_city, nicolae_volcano_entry_vermiform,
          lemuel_fruit_fields
Lair:4:   layout_cave_pods, basic_altar, uniq_josephine
Lair:5:   evil_forest, layout_concentric_octagons, dpeg_slime_entry_corner,
          grunt_megastairs_3
Orc:1:    layout_diamond_mine, serial_shops, shop_fountains
Orc:2:    st_orc_town, layout_caves, serial_shops, shop, nicolae_orc_tapped_out

Notes
Turn   | Place    | Note
-------+----------+-------------------------------------------
     0 | D:1      | Sanktem7 the Minotaur Fighter began the quest for the Orb.
     0 | D:1      | Reached XP level 1. HP: 19/19 MP: 0/0
     0 | D:1      | magus.rc [v1.9.6]
   182 | D:1      | Reached XP level 2. HP: 27/27 MP: 1/1
   193 | D:1      | Found a faded altar of an unknown god.
   204 | D:1      | Reached skill level 4 in Fighting
   239 | D:1      | Reached skill level 3 in Axes
   371 | D:1      | You pick up a book of Dangerous Friends and begin
                  | reading...
   371 | D:1      | You add the spells Summon Guardian Golem, Orb of
                  | Destruction and Spellforged Servitor to your library.
   733 | D:1      | Reached XP level 3. HP: 33/33 MP: 2/2
   819 | D:1      | Reached skill level 4 in Armour
   984 | D:2      | Found an iron altar of Okawaru.
  1002 | D:2      | Became a worshipper of Warmaster Okawaru
  1030 | D:2      | Noticed a scorpion
  1038 | D:2      | Killed a scorpion
  1039 | D:2      | Reached skill level 4 in Axes
  1039 | D:2      | Reached XP level 4. HP: 16/41 MP: 3/3
  1257 | D:2      | Found the brooch of Shielding {Spirit SH+8}
  1272 | D:2      | Identified the +3 sling of Bapn {venom, *Corrode rN+++
                  | Will- SInv}
  1862 | D:2      | You pick up a book of Burglary and begin reading...
  1862 | D:2      | You add the spells Passwall, Ensorcelled Hibernation and
                  | Swiftness to your library.
  2213 | D:3      | Reached skill level 5 in Fighting
  2221 | D:3      | Reached XP level 5. HP: 41/48 MP: 2/4
  2302 | D:3      | You pick up a book of Weapons and begin reading...
  2302 | D:3      | You add the spells Portal Projectile and Blade Hands to
                  | your library.
  2377 | D:3      | You pick up a book of Armaments and begin reading...
  2377 | D:3      | You add the spells Stone Arrow and Lehudib's Crystal Spear
                  | to your library.
  2559 | D:3      | You pick up a book of the Hunter and begin reading...
  2570 | D:3      | Identified the ring "Niyjiucs" {Drain Fly rPois rCorr
                  | Dex-5}
  2857 | D:3      | Found a hide-covered altar of Uskayaw.
  3190 | D:4      | Reached skill level 5 in Axes
  3307 | D:4      | You add the spells Conjure Flame, Ignite Poison and Sticky
                  | Flame to your library.
  3502 | D:4      | Found a broken altar of Ashenzari.
  3542 | D:4      | Noticed an ogre
  3546 | D:4      | Reached XP level 6. HP: 57/57 MP: 5/5
  3558 | D:4      | Reached * piety under Okawaru
  3559 | D:4      | Reached skill level 6 in Fighting
  3559 | D:4      | Reached skill level 5 in Armour
  3769 | D:4      | Found a white marble altar of Elyvilon.
  3988 | D:5      | Entered Level 5 of the Dungeon
  4128 | D:5      | Found a staircase to the Ecumenical Temple.
  4142 | D:5      | Reached skill level 6 in Axes
  4142 | D:5      | Reached XP level 7. HP: 59/64 MP: 4/6
  4145 | Temple   | Entered the Ecumenical Temple
  4272 | D:5      | Reached skill level 7 in Fighting
  4291 | D:5      | Found a runed translucent door.
  4321 | D:5      | Noticed Gadrel's ghost (novice GrSu)
  4348 | D:5      | Found a sand-covered staircase.
  4357 | D:5      | Identified the ring of Light {rN+ Will+ Dex+4}
  4358 | Ossuary  | Entered an ossuary
  4442 | Ossuary  | Reached ** piety under Okawaru
  4455 | Ossuary  | Reached skill level 7 in Axes
  4502 | Ossuary  | Reached skill level 6 in Armour
  4543 | Ossuary  | Reached skill level 8 in Fighting
  4543 | Ossuary  | Reached XP level 8. HP: 64/74 MP: 4/7
  4665 | Ossuary  | Noticed a silent spectre
  4721 | D:5      | Found Zoadaul's Magic Scroll Shoppe.
  4752 | D:5      | You pick up a book of Rime and begin reading...
  4752 | D:5      | You add the spells Frozen Ramparts and Ice Form to your
                  | library.
  4941 | D:5      | Reached skill level 8 in Axes
  5409 | D:6      | Reached *** piety under Okawaru
  5410 | D:6      | Reached skill level 9 in Fighting
  5471 | D:6      | Found a sparkling altar of Nemelex Xobeh.
  5556 | D:6      | Found Barghun's Armour Emporium.
  5665 | D:6      | Reached skill level 7 in Armour
  5745 | D:6      | Found Saostesa's General Store.
  5762 | D:6      | Reached skill level 9 in Axes
  6391 | D:7      | Reached XP level 9. HP: 84/84 MP: 8/8
  6711 | D:7      | Found Fockoffe's Assorted Antiques.
  6720 | D:7      | Bought a glowing cloak for 187 gold pieces
  6756 | D:7      | Reached skill level 10 in Fighting
  6882 | D:7      | Found a radiant altar of Vehumet.
  7011 | D:8      | Reached **** piety under Okawaru
  7045 | D:8      | Reached skill level 10 in Axes
  7047 | D:8      | Noticed Kosjir's ghost (novice DrBe)
  7192 | D:8      | Found a transporter.
  7221 | D:8      | Found a transporter.
  7376 | D:8      | Reached skill level 8 in Armour
  7381 | D:8      | Reached skill level 11 in Fighting
  7479 | D:8      | Found a burning altar of Makhleb.
  7480 | D:8      | Found a bloodstained altar of Trog.
  7482 | D:8      | Found a glowing golden altar of the Shining One.
  7485 | D:8      | Found a sacrificial altar of Ru.
  7486 | D:8      | Found an iron altar of Okawaru.
  7486 | D:8      | Found a hazy altar of Hepliaklqana.
  7488 | D:8      | Found a stormy altar of Qazlal.
  7489 | D:8      | Found a shimmering blue altar of Sif Muna.
  7576 | D:8      | Found a basalt altar of Yredelemnul.
  7576 | D:8      | Noticed Pikel
  7587 | D:8      | Reached skill level 11 in Axes
  7602 | D:8      | Reached ***** piety under Okawaru
  7603 | D:8      | Reached XP level 10. HP: 69/96 MP: 7/9
  7607 | D:8      | Killed Pikel
  7853 | D:8      | Reached skill level 12 in Fighting
  7853 | D:8      | Reached skill level 9 in Armour
  7969 | D:8      | Found a blossoming altar of Fedhas.
  7989 | D:8      | You pick up a book of Touch and begin reading...
  7989 | D:8      | You add the spells Static Discharge and Dispel Undead to
                  | your library.
  8480 | D:8      | Reached skill level 12 in Axes
  8582 | D:8      | Found a staircase to the Lair.
  9146 | D:9      | Received a gift from Okawaru
  9147 | D:9      | Reached skill level 13 in Fighting
  9203 | D:9      | Noticed Maggie
  9218 | D:9      | Killed Maggie
  9218 | D:9      | Reached ****** piety under Okawaru
  9754 | D:9      | Found Igeil's Antique Weapon Boutique.
  9784 | D:9      | Noticed Maurice
  9796 | D:9      | Killed Maurice
  9797 | D:9      | Reached skill level 13 in Axes
  9797 | D:9      | Reached XP level 11. HP: 107/107 MP: 10/10
  9823 | D:9      | Reached skill level 1 in Throwing
  9910 | D:9      | Bought a glowing war axe for 149 gold pieces
  9920 | D:10     | Entered Level 10 of the Dungeon
  9964 | D:10     | Reached skill level 1 in Maces & Flails
 10244 | D:10     | You pick up a book of Callings and begin reading...
 10308 | D:10     | Identified the +4 morningstar of Giaqoi {antimagic, Fragile
                  | +Blink rF+ Will+ Dex+4}
 10746 | D:11     | Reached skill level 2 in Maces & Flails
 10748 | D:11     | Noticed a two-headed ogre
 10759 | D:11     | Killed a two-headed ogre
 10760 | D:11     | Reached skill level 2 in Throwing
 11046 | D:11     | Found a staircase to the Orcish Mines.
 11549 | D:11     | Noticed a two-headed ogre
 11554 | D:11     | Killed a two-headed ogre
 11555 | D:11     | Reached skill level 3 in Maces & Flails
 11556 | D:11     | Reached skill level 14 in Fighting
 11570 | D:11     | Noticed an eight-headed hydra
 11577 | D:11     | Killed an eight-headed hydra
 11578 | D:11     | Reached skill level 3 in Throwing
 11584 | D:11     | HP: 26/110 [troll (5)]
 11589 | D:11     | HP: 11/110 [troll (3)]
 11590 | D:11     | Reached skill level 14 in Axes
 11953 | D:11     | Reached skill level 4 in Maces & Flails
 12087 | D:11     | Received a gift from Okawaru
 12108 | D:11     | Noticed a two-headed ogre
 12113 | D:11     | Killed a two-headed ogre
 12123 | D:11     | Reached skill level 4 in Throwing
 12313 | D:11     | Gained mutation: You are clumsy. (Dex -2) [potion of
                  | mutation]
 12313 | D:11     | Gained mutation: Your flesh is cold resistant. (rC+)
                  | [potion of mutation]
 12313 | D:11     | Gained mutation: You have a pair of large horns on your
                  | head. [potion of mutation]
 12518 | D:11     | Noticed a two-headed ogre
 12528 | D:11     | Killed a two-headed ogre
 12529 | D:11     | Reached XP level 12. HP: 96/118 MP: 2/11
 12838 | Lair:1   | Entered Level 1 of the Lair of Beasts
 12838 | Lair:1   | Noticed a five-headed hydra
 12846 | Lair:1   | Killed a five-headed hydra
 12847 | Lair:1   | Reached skill level 5 in Maces & Flails
 12855 | Lair:1   | Reached skill level 15 in Fighting
 12983 | Lair:1   | Reached skill level 15 in Axes
 12989 | Lair:1   | HP: 26/121 [yak (6)]
 13009 | Lair:1   | HP: 26/121 [blink frog (10)]
 13381 | Lair:1   | Noticed a four-headed hydra
 13390 | Lair:1   | Killed a four-headed hydra
 13390 | Lair:1   | Received a gift from Okawaru
 13391 | Lair:1   | Reached skill level 5 in Throwing
 13434 | Lair:1   | Reached skill level 6 in Maces & Flails
 13597 | Lair:1   | You pick up a book of Armaments and begin reading...
 13898 | Lair:1   | Found a runed translucent door.
 13919 | Lair:1   | Received a gift from Okawaru
 14207 | Lair:1   | Found the +8 whip "Snakebite" {venom, curare, rPois}
 14294 | Lair:2   | Found a staircase to the Shoals.
 14309 | Lair:2   | Reached skill level 4 in Shields
 14401 | Lair:2   | You are sucked into a shaft and drop 2 floors!
 14495 | Lair:4   | Noticed a death yak
 14495 | Lair:4   | Noticed a death yak
 14496 | Lair:4   | Noticed a death yak
 14497 | Lair:4   | Noticed a death yak
 14502 | Lair:4   | Killed a death yak
 14503 | Lair:4   | Reached skill level 16 in Fighting
 14503 | Lair:4   | Reached skill level 7 in Maces & Flails
 14509 | Lair:4   | Killed a death yak
 14522 | Lair:4   | HP: 22/122 [death yak (12)]
 14523 | Lair:4   | Killed a death yak
 14523 | Lair:4   | HP: 9/122 [death yak (13)]
 14531 | Lair:4   | Killed a death yak
 14743 | Lair:4   | Found a shimmering blue altar of Sif Muna.
 14861 | Lair:4   | Noticed Josephine
 14870 | Lair:4   | Reached XP level 13. HP: 100/129 MP: 4/12
 14875 | Lair:4   | Killed Josephine
 15081 | Lair:4   | Reached skill level 6 in Throwing
 15317 | Lair:4   | Received a gift from Okawaru
 15320 | Lair:4   | H - a +1 executioner's axe of flaming {axerare=g}
 15325 | Lair:4   | You drop a +1 executioner's axe of flaming {axerare=g}.
 15345 | Lair:4   | You pick up a book of Air and begin reading...
 15345 | Lair:4   | You add the spells Shock and Airstrike to your library.
 15354 | Lair:4   | H - a +1 executioner's axe of flaming {axerare=g}
 15416 | Lair:4   | You pick up a book of the Tundra and begin reading...
 15663 | Lair:4   | Reached skill level 8 in Maces & Flails
 15666 | Lair:4   | Reached skill level 5 in Shields
 16042 | Lair:3   | You pick up a book of Blasting and begin reading...
 16042 | Lair:3   | You add the spells Fulminant Prism, Iskenderun's Mystic
                  | Blast and Lee's Rapid Deconstruction to your library.
 16185 | Lair:3   | Reached skill level 16 in Axes
 16198 | Lair:3   | HP: 24/130 [death yak[a torpor snail] (17)]
 16199 | Lair:3   | HP: 6/130 [death yak[a torpor snail] (18)]
 16723 | Lair:3   | Identified 2 scrolls of acquirement
 16995 | Lair:3   | Identified the +1 scale mail "Fur Vapakiu" {rElec} (Okawaru
                  | gifted it to you on level 3 of the Lair of Beasts)
 16995 | Lair:3   | Received a gift from Okawaru
 17015 | Lair:3   | Reached skill level 9 in Maces & Flails
 17545 | Lair:2   | Found a transporter.
 17605 | Lair:2   | Found a transporter.
 17612 | Lair:2   | Found a one-way gate to the infinite horrors of the Abyss.
 17612 | Lair:2   | Noticed croobank's ghost (journeyman GnWn)
 17654 | Lair:2   | Noticed a cacodemon
 17683 | Lair:2   | Found a staircase to the Snake Pit.
 17806 | Lair:2   | Noticed Nergalle
 17815 | Lair:2   | Killed Nergalle
 18160 | Lair:5   | Entered Level 5 of the Lair of Beasts
 18170 | Lair:4   | Reached skill level 17 in Fighting
 18175 | Lair:4   | Reached skill level 6 in Shields
 18627 | Lair:4   | You drop a +1 executioner's axe of flaming {axerare=g}.
 18633 | Lair:4   | a +1 executioner's axe of flaming {axerare=g}; 29 stones
                  | {throwing}
 18648 | Lair:4   | Reached skill level 10 in Maces & Flails
 19394 | Lair:5   | Identified the +1 chain mail of the Raven {rPois rF- Str+3
                  | Stlth+} (Okawaru gifted it to you on level 5 of the Lair of
                  | Beasts)
 19394 | Lair:5   | Received a gift from Okawaru
 19395 | Lair:5   | Reached skill level 11 in Maces & Flails
 19395 | Lair:5   | Reached XP level 14. HP: 127/141 MP: 3/13
 19499 | Lair:5   | Reached skill level 18 in Fighting
 19731 | Lair:5   | Found a burning altar of Makhleb.
 20089 | Lair:5   | Found a gateway to Hell.
 20216 | Lair:5   | You pick up a book of Changes and begin reading...
 20216 | Lair:5   | You add the spells Beastly Appendage, Wereblood and Spider
                  | Form to your library.
 20319 | Lair:5   | Reached skill level 12 in Maces & Flails
 20742 | Lair:5   | Found a viscous altar of Jiyva.
 20751 | Lair:5   | Found a staircase to the Slime Pits.
 20753 | Lair:5   | Acquired 722 gold pieces
 20756 | Lair:5   | Acquired the +3 pair of gauntlets of War {Slay+5}
 20756 | Lair:5   | Found the +3 pair of gauntlets of War {Slay+5}
 20997 | Orc:1    | Entered Level 1 of the Orcish Mines
 21528 | Orc:1    | Reached skill level 19 in Fighting
 21895 | Orc:2    | Entered Level 2 of the Orcish Mines
 21896 | Orc:2    | Found a staircase to the Elven Halls.
 22173 | Orc:1    | Identified the +3 executioner's axe "Xucs" {holy, Fly SInv}
                  | (Okawaru gifted it to you on level 1 of the Orcish Mines)
 22173 | Orc:1    | Received a gift from Okawaru
 22183 | Orc:1    | HP: 34/146 [orc/+0 flail (11)]
 22532 | Orc:1    | e - the +3 executioner's axe "Xucs" {holy, Fly SInv,
                  | axerare=g}
 22600 | Orc:2    | HP: 20/147 [orc knight/+3 bardiche (34)]
 22605 | Orc:1    | Slain by an orc knight

Vanquished Creatures
  Josephine (Lair:4)
  7 hydras
  4 two-headed ogres (D:11)
  10 death yaks
  2 orc high priests
  A sun demon (Lair:5)
  Nergalle (Lair:2)
  A lindwurm (Lair:3)
  3 orc knights (Orc:1)
  A wizard (Lair:5)
  Pikel (D:8)
  2 cyclopes (D:11)
  2 orc sorcerers
  9 elephants
  2 manticores (D:11)
  Maurice (D:9)
  2 merfolk sirens (Lair:2)
  4 black mambas
  A gargoyle (D:11)
  2 orange demons (Lair:5)
  A torpor snail (Lair:3)
  5 rime drakes (Lair:5)
  9 cane toads
  Maggie (D:9)
  A kobold demonologist (D:11)
  An ice devil (Lair:5)
  A hellwing (Lair:5)
  10 komodo dragons
  3 red devils (Lair:5)
  12 trolls
  2 polar bears
  2 merfolk (Lair:2)
  A hornet (D:10)
  6 dream sheep (Lair:4)
  12 blink frogs
  2 shadows (D:10)
  45 yaks
  A centaur simulacrum (D:11)
  6 wraiths
  9 wyverns
  A vampire (D:11)
  6 basilisks
  3 wargs
  2 steam dragons (D:8)
  4 acid dragons
  5 water moccasins
  A naga (Lair:2)
  3 hell hounds (Lair:5)
  19 orc warriors
  2 black bears (D:5)
  2 ice beasts
  A sky beast (D:7)
  8 ogres
  5 wolves
  3 centaurs (D:9)
  A phantom (D:5)
  A kobold brigand (D:10)
  13 bullfrogs
  4 necrophages
  4 scorpions
  A gnoll sergeant (D:6)
  An electric eel (D:7)
  4 bullfrog zombies (Ossuary)
  4 centaur zombies
  A jelly (D:8)
  16 orc priests
  A hound (D:5)
  5 iguanas
  23 hell rats
  13 orc wizards
  2 scorpion zombies (Ossuary)
  3 ogre zombies (Ossuary)
  A mummy (Ossuary)
  2 howler monkey zombies (D:8)
  8 adders
  12 gnolls
  2 shadow imps
  A white imp (D:8)
  4 adder zombies (Ossuary)
  A worm (D:3)
  3 dart slugs
  54 orcs
  7 ball pythons
  6 bats
  2 endoplasms
  4 giant cockroaches
  3 gnoll zombies (Ossuary)
  6 hobgoblins
  8 jackals
  16 kobolds
  5 quokkas
  4 frilled lizards
  13 goblins
  2 goblin zombies (Ossuary)
  7 hobgoblin zombies
  3 orc zombies (Ossuary)
  3 rats
  4 bushes (D:8)
530 creatures vanquished.

Vanquished Creatures (others)
  2 orcs
  16 fungi
  46 plants
  2 withered plants (D:1)
66 creatures vanquished.

Grand Total: 596 creatures vanquished

Table legend:
 A = Non-vault XP
 B = Vault XP
 C = Vault XP percentage of total XP
 D = Non-vault monster count
 E = Vault monster count
 F = Vault count percentage of total count
                 A         B        C        D         E       F
            +---------+---------+-------+---------+---------+-------
      Total |   57857 |   28960 |  33.4 |     386 |     140 |  26.6
            +---------+---------+-------+---------+---------+-------
        D:1 |      53 |       0 |   0.0 |      31 |       0 |   0.0
        D:2 |      92 |       0 |   0.0 |       8 |       0 |   0.0
        D:3 |     184 |       0 |   0.0 |      20 |       0 |   0.0
        D:4 |      61 |     139 |  69.5 |       9 |      10 |  52.6
        D:5 |     935 |       1 |   0.1 |      26 |       1 |   3.7
        D:6 |     680 |       0 |   0.0 |      15 |       0 |   0.0
        D:7 |     783 |       0 |   0.0 |      15 |       0 |   0.0
        D:8 |    3089 |    2824 |  47.8 |      24 |      14 |  36.8
        D:9 |    1385 |     838 |  37.7 |      15 |       2 |  11.8
       D:10 |    1316 |       0 |   0.0 |      17 |       0 |   0.0
       D:11 |    7042 |    4513 |  39.1 |      23 |      18 |  43.9
     Lair:1 |    7163 |    1041 |  12.7 |      25 |       4 |  13.8
     Lair:2 |     925 |    2419 |  72.3 |       9 |       6 |  40.0
     Lair:3 |    5768 |     649 |  10.1 |      25 |       1 |   3.8
     Lair:4 |   10006 |    4168 |  29.4 |      38 |      12 |  24.0
     Lair:5 |   10876 |   10744 |  49.7 |      30 |      29 |  49.2
      Orc:1 |    5309 |     619 |  10.4 |      37 |       3 |   7.5
      Orc:2 |    2190 |     479 |  17.9 |      19 |       9 |  32.1
    Ossuary |       0 |     526 | 100.0 |       0 |      31 | 100.0
            +---------+---------+-------+---------+---------+-------

Illustrated notes

Table legend:
 A = Kills in this place as a percentage of kills in entire the game.
 B = Kills by you in this place as a percentage of kills by you in the entire game.
 C = Kills by friends in this place as a percentage of kills by friends in the entire game.
 D = Other kills in this place as a percentage of other kills in the entire game.
 E = Experience gained in this place as a percentage of experience gained in the entire game.
 F = Experience gained in this place divided by the number of levels of this place that you have seen.
                   A       B       C       D       E      F
               +-------+-------+-------+-------+-------+----------------------
         Total | 100.0 | 100.0 |   N/A |   N/A | 100.0 | 4340.9
       Dungeon |  47.1 |  47.1 |   N/A |   N/A |  27.6 | 2175.9
          Lair |  34.0 |  34.0 |   N/A |   N/A |  61.9 | 10751.8
  Orcish Mines |  12.9 |  12.9 |   N/A |   N/A |   9.9 | 4298.5
       Ossuary |   5.9 |   5.9 |   N/A |   N/A |   0.6 | 526.0
               +-------+-------+-------+-------+-------+----------------------

Table legend: (Time is in decaauts)
 A = Elapsed time spent in this place.
 B = Non-inter-level travel time spent in this place.
 C = Inter-level travel time spent in this place.
 D = Time resting spent in this place.
 E = Time spent auto-exploring this place.
 F = Levels seen in this place.
 G = Mean time per level.
                   A        B        C        D        E       F      G
               +--------+--------+--------+--------+--------+-----+--------+
         Total |  22586 |  21655 |    931 |   1648 |  16344 |  20 | 1129.3 |
       Dungeon |  13236 |  12616 |    620 |    582 |  10175 |  11 | 1203.3 |
        Temple |     85 |     60 |     25 |      0 |     55 |   1 |   85.0 |
          Lair |   7637 |   7351 |    286 |    721 |   5267 |   5 | 1527.4 |
  Orcish Mines |   1267 |   1267 |      0 |    345 |    621 |   2 |  633.5 |
       Ossuary |    358 |    358 |      0 |      0 |    225 |   1 |  358.0 |
               +--------+--------+--------+--------+--------+-----+--------+

Top non-repeatable levels by time:
  Lair:4: 2578 daAuts
    D:11: 2337 daAuts
     D:8: 2257 daAuts
  Lair:5: 1912 daAuts
     D:2: 1204 daAuts
  Lair:1: 1160 daAuts
     D:9: 1148 daAuts
  Lair:3: 1146 daAuts
     D:3: 1029 daAuts
     D:1: 1002 daAuts
   Orc:1: 999 daAuts
     D:5: 986 daAuts
     D:6: 928 daAuts
  Lair:2: 839 daAuts
    D:10: 836 daAuts
